Map: Colonisation EC

Players

Hashe

  • Race: Terran Terran
  • League: Platinum

TheObcd - Winner!

  • Race: Protoss Protoss
  • League: Platinum

VOD

Have the link to the VOD?

Description

Time

  • Played on: May 9, 2016, 1:10 p.m.
  • Length: 4:51
Show
View Real Time Build Order
Export as new Build Order

Hashe Terran 

Build Orders: Reaper Expand 

Get SALT Encoding   

  12  0:01  SCV  
  13  0:13  SCV  
  14  0:18  Supply Depot  
  14  0:25  SCV  
  15  0:39  SCV  
  16  0:43  Barracks  
  16  0:46  Refinery  
  16  0:51  SCV  
  17  1:03  SCV  
  18  1:16  SCV  
  19  1:31  Reaper  
  20  1:32  Orbital Command  
  20  1:46  Command Center  
  20  1:56  Supply Depot  
  20  1:58  SCV  
  21  2:05  Marine  
  22  2:11  Factory  
  22  2:17  Refinery  
  22  2:18  SCV  
  23  2:25  Marine  
  24  2:30  SCV  
  25  2:42  SCV, Marine  
  26  3:00  Marine  
  24  3:07  Factory Tech Lab  
  18  3:14  SCV  
  18  3:18  Marine  
  20  3:27  Siege Tank  
  20  3:36  SCV, Marine  
  22  3:48  SCV  
  22  3:54  Marine  
  20  4:00  SCV  
  16  4:12  SCV  
  13  4:25  SCV  
  14  4:37  SCV  
Show
View Real Time Build Order
Export as new Build Order

TheObcd Protoss - Winner!

Build Orders: Mass Adepts 

Get SALT Encoding   

  12  0:08  Pylon  
  12  0:13  Probe (Chrono Boost)  
  13  0:23  Probe (Chrono Boost)  
  14  0:32  Gateway  
  15  0:35  Probe (Chrono Boost)  
  15  0:46  Assimilator, Probe (Chrono Boost)  
  16  0:56  Probe (Chrono Boost)  
  17  1:02  Gateway  
  17  1:19  Cybernetics Core  
  17  1:29  Gateway  
  17  1:40  Zealot (Chrono Boost)  
  19  1:49  Pylon  
  19  1:56  Mothership Core (Chrono Boost)  
  21  2:02  Adept  
  23  2:09  Adept  
  25  2:17  Adept  
  27  2:39  Pylon x2  
  27  2:41  Adept  
  28  3:07  Probe (Chrono Boost)  
  28  3:08  Adept x2  
  33  3:23  Adept  
  35  3:35  Adept x2  
  39  3:50  Adept  
  41  4:02  Adept x2  
  41  4:10  Pylon  
  39  4:17  Adept  
  40  4:32  Probe (Chrono Boost)  
Tags
 
Add a new tag
Caveats
  • Supply blocks, unpowered buildings, or Contaminate may cause inaccurate times.
  • Supply counts are checked every 10 seconds.